Map: [ESL] Gresvan

Players

Has - Winner!

  • Race: Protoss Protoss
  • League: Gold

Zoun

  • Race: Protoss Protoss

Event: IEM Katowice 2023

VOD

Have the link to the VOD?

Description

Time

  • Played on: Feb. 8, 2023, 8:11 a.m.
  • Length: 5:09

All games in this series

Show
View Real Time Build Order
Export as new Build Order

Has Protoss - Winner!

Build Orders:  

Get SALT Encoding   

  12  0:00  Probe  
  13  0:12  Probe  
  14  0:17  Pylon  
  14  0:24  Probe (Chrono Boost)  
  15  0:37  Gateway, Probe (Chrono Boost)  
  15  0:42  Probe (Chrono Boost)  
  16  0:45  Assimilator  
  17  0:53  Probe  
  17  0:54  Assimilator  
  18  1:05  Probe  
  18  1:10  Gateway  
  19  1:17  Probe (Chrono Boost)  
  20  1:23  Cybernetics Core  
  20  1:26  Probe (Chrono Boost)  
  20  1:29  Pylon  
  20  1:31  Probe (Chrono Boost)  
  22  1:44  Probe  
  23  1:56  Probe  
  23  1:59  Stalker (Chrono Boost)  
  28  2:01  Warp Gate  
  28  2:04  Pylon  
  28  2:07  Stalker (Chrono Boost)  
  28  2:21  Robotics Facility  
  28  2:26  Pylon  
  28  2:29  Stalker  
  30  2:40  Stalker  
  32  2:49  Gateway  
  32  2:59  Stalker  
  34  3:09  Warp Prism (Chrono Boost)  
  36  3:27  Pylon  
  36  3:50  Stalker x3  
  42  3:57  Observer  
  42  4:00  Twilight Council  
  43  4:06  Pylon  
  43  4:23  Stalker x3  
  45  4:46  Zealot x3  
  43  5:07  Stalker x3  
Show
View Real Time Build Order
Export as new Build Order

Zoun Protoss 

Build Orders:  

Get SALT Encoding   

  12  0:00  Probe  
  13  0:12  Probe  
  14  0:17  Pylon  
  14  0:24  Probe (Chrono Boost)  
  15  0:36  Probe (Chrono Boost)  
  15  0:37  Gateway  
  16  0:44  Probe (Chrono Boost)  
  16  0:45  Assimilator  
  17  0:51  Probe  
  18  1:03  Probe (Chrono Boost)  
  19  1:04  Assimilator  
  19  1:10  Gateway  
  19  1:13  Probe (Chrono Boost)  
  19  1:18  Probe (Chrono Boost)  
  20  1:24  Cybernetics Core  
  21  1:29  Probe  
  22  1:38  Pylon  
  22  1:41  Probe  
  23  1:56  Probe  
  24  2:02  Stargate, Adept  
  24  2:07  Stalker  
  28  2:11  Warp Gate (Chrono Boost)  
  28  2:18  Pylon  
  28  2:38  Stalker  
  33  3:04  Nexus  
  33  3:11  Pylon  
  33  3:22  Shield Battery, Robotics Facility  
  29  3:36  Probe  
  30  3:46  Gateway  
  30  3:52  Sentry, Stalker  
  34  3:56  Shield Battery  
  34  4:04  Pylon  
  34  4:10  Immortal  
  38  4:21  Pylon  
  38  4:23  Stalker x2  
  42  4:34  Shield Battery  
  34  4:48  Stalker  

Tags
 
League
Gold
Matchup
PvP
Player
HasZoun
Spawn Locations
Cross Positions
Add a new tag
Caveats
  • Supply blocks, unpowered buildings, or Contaminate may cause inaccurate times.
  • Supply counts are checked every 10 seconds.